 Dungeon Crawl Stone Soup version 0.28.0-1-gb440e238dd (webtiles) character file.

Game seed: 7691792757843462246

1788 themarg the Archer (level 9, 0/66 HPs)
             Began as a Gnoll Wanderer on Feb 23, 2022.
             Was a Believer of the Shining One.
             Slain by a steam dragon (1 damage)
             ... on level 6 of the Dungeon.
             The game lasted 00:25:06 (6653 turns).

themarg the Archer (Gnoll Wanderer)                 Turns: 6653, Time: 00:25:09

Health: 0/66       AC: 11    Str: 16    XL:     9   Next: 8%
Magic:  16/16      EV: 12    Int:  7    God:    the Shining One [**....]
Gold:   178        SH:  0    Dex: 16    Spells: 17/17 levels left

rFire   . . .      SeeInvis .   b - +0 hand axe
rCold   . . .      Faith    .   (no shield)
rNeg    + . .      Spirit   .   e - +0 ring mail
rPois   .          Reflect  .   u - +0 helmet
rElec   .          Harm     .   y - +1 cloak
rCorr   .          Rampage  .   (no gloves)
Will    .....                   B - +0 pair of boots
Stlth   +.........              (no amulet)
HPRegen 0.21/turn               (no ring)
MPRegen 0.15/turn               (no ring)

@: glowing
A: fangs 1, strong nose, distributed training
a: Renounce Religion, Divine Shield


You were on level 6 of the Dungeon.
You worshipped the Shining One.
The Shining One was pleased with you.
You visited 1 branch of the dungeon, and saw 6 of its levels.

You collected 275 gold pieces.
You spent 97 gold pieces at shops.

Inventory:

Hand Weapons
 a - a +2 shortbow
 b - a +0 hand axe (weapon)
 c - a +0 hunting sling
Missiles
 d - 77 sling bullets
 f - 240 stones
 h - 12 poisoned darts (quivered)
 i - 43 arrows
 n - 37 bolts
Armour
 e - a +0 ring mail (worn)
 m - a +1 cloak
 u - a +0 helmet (worn)
 y - a +1 cloak (worn)
 A - a +0 plate armour
 B - a +0 pair of boots (worn)
Jewellery
 s - an amulet of the acrobat
Wands
 r - a wand of iceblast (1)
 w - a wand of flame (6)
 C - a wand of mindburst (21)
 E - a wand of polymorph (8)
Scrolls
 g - 2 scrolls of fear
 j - 2 scrolls of teleportation
 l - 2 scrolls of vulnerability
 o - a scroll of amnesia {unknown}
 q - a scroll of fog {unknown}
 v - 2 scrolls of holy word
 x - a scroll of noise {unknown}
Potions
 k - a potion of curing
 p - a potion of attraction {unknown}
 t - a potion of degeneration {unknown}
 z - a potion of mutation {unknown}
 D - a potion of resistance {unknown}


   Skills:
 + Level 4.7 Fighting
 + Level 3.9 Short Blades
 + Level 3.9 Long Blades
 + Level 3.9 Axes
 + Level 3.9 Maces & Flails
 + Level 3.9 Polearms
 + Level 3.9 Staves
 + Level 4.7 Slings
 + Level 9.4 Bows
 + Level 3.9 Crossbows
 + Level 3.9 Throwing
 + Level 6.1 Armour
 + Level 3.9 Dodging
 + Level 3.9 Stealth
 + Level 3.9 Shields
 + Level 3.9 Unarmed Combat
 + Level 4.8 Spellcasting
 + Level 3.2 Conjurations
 + Level 3.2 Hexes
 + Level 3.2 Summonings
 + Level 3.2 Necromancy
 + Level 3.2 Translocations
 + Level 3.2 Transmutations
 + Level 3.2 Fire Magic
 + Level 3.2 Ice Magic
 + Level 3.2 Air Magic
 + Level 3.2 Earth Magic
 + Level 3.2 Poison Magic
 + Level 4.2 Invocations
 + Level 4.7 Evocations


You had 17 spell levels left.
You didn't know any spells.
Your spell library contained the following spells:

 Spells                   Type           Power      Damage    Failure   Level
 Beastly Appendage        Tmut           12%        N/A       13%         1
 Wereblood                Tmut           6%         N/A       21%         2
 Gell's Gravitas          Tloc           6%         N/A       36%         3
 Lesser Beckoning         Tloc           6%         N/A       36%         3
 Spider Form              Tmut/Pois      6%         N/A       36%         3
 Teleport Other           Tloc           6%         N/A       36%         3


Dungeon Overview and Level Annotations

Branches:
Dungeon (6/15)             Temple (0/1) D:4

Altars:
Fedhas
Uskayaw
The Shining One

Shops:
D:2 ?   D:4 (   D:5 [*(   D:6 *


Innate Abilities, Weirdness & Mutations

You have very sharp teeth.
Your uncanny sense of smell can sniff out nearby items.
Your experience applies equally to all skills.


Message History

The steam dragon claws you but does no damage.
You hit the steam dragon.
The steam dragon is moderately wounded.
The steam dragon barely misses you. The steam dragon closely misses you.
You hit the steam dragon.
The steam dragon is heavily wounded.
The steam dragon breathes steam at you. The ball of steam misses you.
You hit the steam dragon.
The steam dragon is heavily wounded.
The steam dragon bites you but does no damage.
The steam dragon claws you but does no damage.
You slash the steam dragon!
The steam dragon is severely wounded.
The steam dragon bites you but does no damage.
The steam dragon closely misses you.
You hit the steam dragon but do no damage.
You bite the steam dragon, but do no damage.
The steam dragon is severely wounded.
The steam dragon bites you. The steam dragon closely misses you.
You hit the steam dragon but do no damage.
The steam dragon is severely wounded.
The steam dragon bites you. The steam dragon closely misses you.
You hit the steam dragon.
The steam dragon is almost dead.
The steam dragon bites you but does no damage.
The steam dragon barely misses you.
You barely miss the steam dragon.
The steam dragon is almost dead.
The steam dragon breathes steam at you. The ball of steam hits you!
* * * LOW HITPOINT WARNING * * *
You barely miss the steam dragon.
You bite the steam dragon, but do no damage.
The steam dragon is almost dead.
You are engulfed in a cloud of scalding steam.
* * * LOW HITPOINT WARNING * * *
The steam dragon bites you but does no damage.
The steam dragon claws you.
You die...

#..#######.##..#.###
#...................
#.####.###.#####..## #.#
#.# #.# ###..## #.# #.#
#.# #...... #.# #.# #.#
#.#...#
#.####.###.###.#...#
#######.#.....(...........
#.......#@#§.###(###.#....
#.###.#...D..............#
#.........#..###(###.##..#
#..≈...§..........##......
#.........#.......).......
##...∩....######..#####...
#........######..#####.
#.≈...#.................
#........#######.#####..


You could see a steam dragon (catching breath).

Vanquished Creatures
  A komodo dragon (D:6)
  Sigmund (D:4)
  An ice beast (D:5)
  A black bear (D:6)
  An ogre (D:5)
  2 phantoms
  2 bullfrogs
  2 scorpions
  4 killer bees (D:6)
  A centaur skeleton (D:6)
  2 jellies
  An orc priest (D:5)
  4 hounds
  An iguana (D:5)
  2 orc wizards (D:5)
  A hound skeleton (D:4)
  A gnoll (D:2)
  A howler monkey skeleton (D:6)
  11 adders
  A shadow imp (D:6)
  A white imp (D:6)
  An adder skeleton (D:4)
  A worm (D:3)
  A dart slug (D:2)
  4 orcs
  5 ball pythons
  3 bats
  5 endoplasms
  2 giant cockroaches (D:2)
  11 goblins
  10 hobgoblins
  6 jackals
  2 quokkas
  4 frilled lizards
  6 kobolds
  6 rats
109 creatures vanquished.

Notes
Turn   | Place    | Note
-------+----------+-------------------------------------------
     0 | D:1      | themarg the Gnoll Wanderer began the quest for the Orb.
     0 | D:1      | themarg set off with the following items: a +2 shortbow, 29
                  | arrows, a +0 hunting sling, 17 sling bullets, a +0 ring
                  | mail
     0 | D:1      | Reached XP level 1. HP: 17/17 MP: 4/4
   280 | D:1      | Reached XP level 2. HP: 23/23 MP: 5/5
   719 | D:2      | Found a faded altar of an unknown god.
   739 | D:2      | Prayed at the altar of an unknown god.
   739 | D:2      | Became a worshipper of the Shining One
   739 | D:2      | Reached * piety under the Shining One
   791 | D:2      | Reached XP level 3. HP: 17/28 MP: 7/7
   930 | D:2      | Found Dajecu's Magic Scroll Shoppe.
   946 | D:2      | Reached skill level 1 in Invocations
  1253 | D:2      | Reached skill level 1 in Short Blades
  1253 | D:2      | Reached skill level 1 in Long Blades
  1253 | D:2      | Reached skill level 1 in Axes
  1253 | D:2      | Reached skill level 1 in Maces & Flails
  1253 | D:2      | Reached skill level 1 in Polearms
  1253 | D:2      | Reached skill level 1 in Staves
  1253 | D:2      | Reached skill level 1 in Crossbows
  1253 | D:2      | Reached skill level 1 in Throwing
  1253 | D:2      | Reached skill level 1 in Dodging
  1253 | D:2      | Reached skill level 1 in Stealth
  1253 | D:2      | Reached skill level 1 in Shields
  1253 | D:2      | Reached skill level 1 in Unarmed Combat
  1297 | D:2      | Reached XP level 4. HP: 34/34 MP: 8/8
  1536 | D:2      | Reached skill level 1 in Conjurations
  1536 | D:2      | Reached skill level 1 in Hexes
  1536 | D:2      | Reached skill level 1 in Summonings
  1536 | D:2      | Reached skill level 1 in Necromancy
  1536 | D:2      | Reached skill level 1 in Translocations
  1536 | D:2      | Reached skill level 1 in Transmutations
  1536 | D:2      | Reached skill level 1 in Fire Magic
  1536 | D:2      | Reached skill level 1 in Ice Magic
  1536 | D:2      | Reached skill level 1 in Air Magic
  1536 | D:2      | Reached skill level 1 in Earth Magic
  1536 | D:2      | Reached skill level 1 in Poison Magic
  1765 | D:2      | Noticed a phantom
  1786 | D:2      | Killed a phantom
  1787 | D:2      | Reached XP level 5. HP: 25/41 MP: 9/9
  2031 | D:2      | Bought a scroll of identify for 26 gold pieces
  2031 | D:2      | Bought a scroll of identify for 26 gold pieces
  2284 | D:3      | Reached XP level 6. HP: 41/47 MP: 9/11
  2689 | D:4      | Found Nytafewa's Weapon Emporium.
  2745 | D:4      | Found a hide-covered altar of Uskayaw.
  2778 | D:4      | Reached ** piety under the Shining One
  2919 | D:4      | Reached skill level 5 in Armour
  2970 | D:4      | Noticed Sigmund
  2986 | D:4      | Killed Sigmund
  2987 | D:4      | Reached XP level 7. HP: 46/52 MP: 12/12
  3345 | D:4      | Found a blossoming altar of Fedhas.
  3675 | D:4      | Found a staircase to the Ecumenical Temple.
  4111 | D:5      | Entered Level 5 of the Dungeon
  4258 | D:5      | Reached skill level 9 in Bows
  4625 | D:5      | Reached XP level 8. HP: 46/60 MP: 14/14
  4980 | D:5      | Found Woetom's Antique Weapon Shoppe.
  5130 | D:5      | Found Iceupneg's General Store.
  5150 | D:5      | Found Gizy's Armour Shoppe.
  5158 | D:5      | Bought a +0 pair of boots for 45 gold pieces
  5826 | D:6      | HP: 1/61 [steam dragon (6)]
  5830 | D:6      | Found Jodolig's Elemental Accessories.
  6240 | D:6      | Noticed a komodo dragon
  6259 | D:6      | Killed a komodo dragon
  6260 | D:6      | Reached XP level 9. HP: 53/66 MP: 14/16
  6653 | D:6      | HP: 1/66 [steam dragon] (4)]
  6653 | D:6      | Slain by a steam dragon

Illustrated notes

Levels and vault maps discovered:
D:1:      dpeg_arrival_windows_large_door, layout_basic
D:2:      minmay_chambers_of_ones, layout_loops_ring, serial_shops, shop,
          shapermc_ecumenical_altar_ellora
D:3:      layout_loops_cross, uniq_robin
D:4:      layout_layer_cave, mainiacjoe_overflow_24_doors,
          mainiacjoe_overflow_alcove_4, minmay_temple_entry_purple_smoke,
          serial_shops, shop, nicolae_concentric_dashed_squares_wild,
          uniq_sigmund
D:5:      layout_loops_ring, serial_shops, shop, shop_statue, shop
D:6:      layout_basic, nrook_campfire, nicolae_elemental_shop, sigmund_army

Skill      XL: |  1  2  3  4  5  6  7  8 |
---------------+-------------------------+-----
Invocations    | 1 2 3 4 |  4.2
Short Blades   | 1 2 3 |  3.9
Long Blades    | 1 2 3 |  3.9
Axes           | 1 2 3 |  3.9
Maces & Flails | 1 2 3 |  3.9
Polearms       | 1 2 3 |  3.9
Staves         | 1 2 3 |  3.9
Crossbows      | 1 2 3 |  3.9
Throwing       | 1 2 3 |  3.9
Dodging        | 1 2 3 |  3.9
Stealth        | 1 2 3 |  3.9
Shields        | 1 2 3 |  3.9
Unarmed Combat | 1 2 3 |  3.9
Spellcasting   | 3 4 |  4.8
Conjurations   | 1 2 3 |  3.2
Hexes          | 1 2 3 |  3.2
Summonings     | 1 2 3 |  3.2
Necromancy     | 1 2 3 |  3.2
Translocations | 1 2 3 |  3.2
Transmutations | 1 2 3 |  3.2
Fire Magic     | 1 2 3 |  3.2
Ice Magic      | 1 2 3 |  3.2
Air Magic      | 1 2 3 |  3.2
Earth Magic    | 1 2 3 |  3.2
Poison Magic   | 1 2 3 |  3.2
Fighting       | 3 4 |  4.7
Slings         | 3 4 |  4.7
Evocations     | 3 4 |  4.7
Armour         | 5 6 |  6.1
Bows           | 9 |  9.4

Action                   |  1- 3 |  4- 6 |  7- 9 || total
-------------------------+-------+-------+-------++-------
Melee: Hand axe          |       |    27 |   145 ||   172
       Bite              |       |     1 |    28 ||    29
       Punch             |       |     1 |     5 ||     6
 Fire: Shortbow          |    91 |    92 |    96 ||   279
Throw: Dart              |       |     4 |     3 ||     7
Invok: Divine Shield     |       |       |     1 ||     1
  Use: Scroll            |       |     2 |     5 ||     7
       Potion            |       |       |     4 ||     4
Armor: Ring mail         |     4 |    13 |    98 ||   115
Dodge: Dodged            |    17 |    17 |   164 ||   198
Block: Other             |       |       |    24 ||    24
